General information
- name: BNet
- type: Ladder team game (AT/RT)
- host: Battle.net
- saver: TYRANASAURAS
map: FullScaleAssault
- players: 8
- length: 46:07
- speed: Fast
- version: 1.26 W3XP
- replay type: Public
» download(237 KB)
Players
team 1 (winner)

»
LEVYATANN (
green | 32 APM | 1469 actions | 46:07)
4 Blademaster
1 Wind Walk
2 Critical Strike
1 Mirror Image
4 Shadow Hunter
2 Healing Wave
2 Hex
» actions
| Assign group hotkey | 28 | |
| Basic commands | 1 | |
| Build / train | 89 | |
| ESC pressed | 1 | |
| Enter build submenu | 60 | |
| Enter hero's abilities submenu | 8 | |
| Give item / drop item | 6 | |
| Remove unit from queue | 10 | |
| Right click | 657 | |
| Select / deselect | 350 | |
| Select group hotkey | 102 | |
| Use ability | 157 | |
1469 total
» units
| Peon | 11 | |
| Raider | 8 | |
| Goblin Shredder | 1 | |
| Troll Batrider | 18 | |
| Goblin Zeppelin | 1 | |
39 total
» upgrades
| Spiked Barricades | 2 | |
| Armor | 2 | |
| Pillage | 1 | |
| Liquid Fire | 1 | |
| Ensnare | 1 | |
| Ranged Weapons | 2 | |
| Melee Weapons | 2 | |
| Shaman Training | 1 | |
| Witch Doctor Training | 1 | |
13 total
» buildings
| Altar of Storms | 2 | |
| Orc Burrow | 17 | |
| War Mill | 1 | |
| Voodoo Lounge | 2 | |
| Watch Tower | 29 | |
| Stronghold | 2 | |
| Great Hall | 4 | |
| Fortress | 2 | |
| Beastiary | 2 | |
| Spirit Lodge | 2 | |
63 total
» build order
00:14 Altar of Storms
00:17 Orc Burrow
00:46 War Mill
01:12 Voodoo Lounge
02:33 Watch Tower
02:52 Watch Tower
03:06 Watch Tower
03:49 Stronghold
04:32 Orc Burrow
05:06 Orc Burrow
05:25 Watch Tower
06:18 Great Hall
06:26 Watch Tower
06:41 Watch Tower
07:10 Fortress
07:16 Beastiary
07:19 Beastiary
07:27 Orc Burrow
07:31 Orc Burrow
08:12 Watch Tower
09:26 Watch Tower
10:43 Watch Tower
12:22 Watch Tower
12:28 Watch Tower
13:29 Watch Tower
13:36 Watch Tower
20:16 Spirit Lodge
20:20 Spirit Lodge
20:27 Orc Burrow
20:29 Orc Burrow
20:31 Orc Burrow
22:16 Orc Burrow
22:21 Orc Burrow
22:21 Orc Burrow
27:42 Great Hall
32:37 Watch Tower
32:40 Watch Tower
32:44 Watch Tower
32:53 Great Hall
33:07 Watch Tower
36:08 Watch Tower
36:23 Watch Tower
36:26 Watch Tower
37:23 Stronghold
37:33 Altar of Storms
38:07 Watch Tower
38:14 Watch Tower
38:53 Orc Burrow
38:57 Orc Burrow
39:32 Great Hall
39:45 Watch Tower
40:01 Orc Burrow
40:14 Fortress
40:23 Voodoo Lounge
40:48 Watch Tower
41:41 Orc Burrow
41:54 Orc Burrow
42:46 Watch Tower
43:05 Orc Burrow
44:54 Watch Tower
44:56 Watch Tower
44:57 Watch Tower
44:58 Watch Tower
» items
| Lesser Clarity Potion | 4 | |
| Healing Salve | 2 | |
| Periapt of Vitality | 1 | |
| Boots of Speed | 1 | |
| Scroll of Town Portal | 3 | |
| Orb of Lightning | 2 | |
| Scroll of Speed | 1 | |
14 total
FriendsLetYaDie (
red | 48 APM | 2201 actions | 46:07)
7 Tauren Chieftain
2 War Stomp
1 Endurance Aura
3 Shockwave
1 Reincarnation
6 Blademaster
2 Wind Walk
3 Critical Strike
1 Bladestorm
6 Pandaren Brewmaster
3 Breath of Fire
1 Drunken Haze
1 Drunken Brawler
1 Storm Earth and Fire
» actions
| Assign group hotkey | 42 | |
| Basic commands | 88 | |
| Build / train | 162 | |
| ESC pressed | 5 | |
| Enter build submenu | 68 | |
| Enter hero's abilities submenu | 19 | |
| Give item / drop item | 10 | |
| Right click | 479 | |
| Select / deselect | 630 | |
| Select group hotkey | 415 | |
| Use ability | 283 | |
2201 total
» units
| Peon | 42 | |
| Grunt | 3 | |
| Goblin Shredder | 1 | |
| Goblin Zeppelin | 6 | |
| Troll Witch Doctor | 6 | |
| Tauren | 5 | |
| Wind Rider | 6 | |
| Shaman | 4 | |
| Spirit Walker | 2 | |
75 total
» upgrades
| Spiked Barricades | 5 | |
| Melee Weapons | 3 | |
| Shaman Training | 2 | |
| Witch Doctor Training | 2 | |
| Pillage | 2 | |
| Envenomed Spears | 1 | |
| Liquid Fire | 1 | |
| Ensnare | 1 | |
| War Drums Damage Increase | 1 | |
| Spirit Walker Training | 2 | |
| Pulverize | 1 | |
| Ranged Weapons | 3 | |
| Armor | 3 | |
| Berserker Upgrade | 1 | |
| Troll Regeneration | 1 | |
| Berserker Strength | 1 | |
| Reinforced Defenses | 2 | |
| Burning Oil | 1 | |
33 total
» buildings
| Orc Burrow | 8 | |
| Barracks | 1 | |
| Altar of Storms | 2 | |
| Voodoo Lounge | 5 | |
| War Mill | 3 | |
| Stronghold | 6 | |
| Great Hall | 2 | |
| Watch Tower | 75 | |
| Fortress | 3 | |
| Spirit Lodge | 2 | |
| Beastiary | 2 | |
| Tauren Totem | 2 | |
111 total
» build order
00:12 Orc Burrow
00:56 Barracks
01:10 Altar of Storms
01:20 Orc Burrow
02:17 Voodoo Lounge
03:16 War Mill
04:13 Stronghold
04:41 War Mill
05:35 Great Hall
05:47 Watch Tower
05:47 Watch Tower
05:48 Watch Tower
05:49 Watch Tower
05:54 Orc Burrow
06:00 Orc Burrow
06:26 Orc Burrow
07:42 Watch Tower
07:43 Watch Tower
07:45 Watch Tower
07:46 Watch Tower
08:18 Watch Tower
08:19 Watch Tower
08:20 Watch Tower
08:22 Watch Tower
08:27 Fortress
08:36 Spirit Lodge
08:37 Spirit Lodge
08:54 Watch Tower
08:55 Watch Tower
09:01 Watch Tower
09:02 Watch Tower
09:31 Stronghold
09:31 Stronghold
09:31 Stronghold
09:40 Great Hall
10:09 Beastiary
10:10 Beastiary
10:50 Watch Tower
10:51 Watch Tower
10:53 Watch Tower
10:54 Watch Tower
10:55 Watch Tower
10:57 Watch Tower
11:23 Tauren Totem
11:32 Voodoo Lounge
11:48 Watch Tower
11:50 Watch Tower
11:50 Watch Tower
12:51 Tauren Totem
12:57 Watch Tower
12:58 Watch Tower
14:07 Voodoo Lounge
14:12 Watch Tower
14:13 Watch Tower
14:22 Watch Tower
14:23 Watch Tower
14:25 Watch Tower
14:26 Watch Tower
14:28 Watch Tower
14:29 Watch Tower
15:00 Orc Burrow
15:57 Orc Burrow
16:18 Watch Tower
16:19 Watch Tower
16:20 Watch Tower
16:21 Watch Tower
16:22 Watch Tower
16:22 Watch Tower
16:24 Watch Tower
16:24 Watch Tower
16:58 War Mill
17:10 Watch Tower
17:10 Watch Tower
17:13 Watch Tower
17:14 Watch Tower
17:17 Watch Tower
17:43 Voodoo Lounge
17:50 Fortress
19:56 Watch Tower
19:57 Watch Tower
19:58 Watch Tower
19:59 Watch Tower
20:00 Watch Tower
20:01 Watch Tower
20:02 Watch Tower
20:03 Watch Tower
20:04 Watch Tower
20:05 Watch Tower
25:11 Watch Tower
25:12 Watch Tower
28:49 Altar of Storms
29:39 Watch Tower
29:41 Watch Tower
29:47 Voodoo Lounge
29:52 Watch Tower
29:53 Watch Tower
29:54 Watch Tower
29:57 Watch Tower
29:58 Watch Tower
29:58 Watch Tower
29:59 Watch Tower
29:59 Watch Tower
30:00 Watch Tower
33:53 Watch Tower
33:55 Watch Tower
33:56 Watch Tower
33:57 Watch Tower
39:06 Orc Burrow
» items
| Healing Salve | 2 | |
| Scroll of Town Portal | 6 | |
| Lesser Clarity Potion | 2 | |
| Orb of Lightning | 3 | |
| Tiny Great Hall | 2 | |
| Potion of Mana | 1 | |
| Scroll of Speed | 1 | |
| Potion of Healing | 2 | |
19 total
45mice (
blue | 18 APM | 51 actions | 02:48)
1 Shadow Hunter
1 Healing Wave
» actions
| Build / train | 10 | |
| Enter build submenu | 5 | |
| Enter hero's abilities submenu | 1 | |
| Right click | 16 | |
| Select / deselect | 14 | |
| Use ability | 5 | |
51 total
» units
» buildings
| Altar of Storms | 1 | |
| Orc Burrow | 2 | |
| Barracks | 1 | |
| War Mill | 1 | |
5 total
» build order
00:07 Altar of Storms
00:09 Orc Burrow
00:44 Barracks
01:20 War Mill
02:04 Orc Burrow
sxepnts101 (
purple | 29 APM | 1324 actions | 46:07)
5 Mountain King
3 Storm Bolt
2 Thunder Clap
» actions
| Assign group hotkey | 15 | |
| Build / train | 159 | |
| Enter build submenu | 94 | |
| Enter hero's abilities submenu | 5 | |
| Give item / drop item | 2 | |
| Right click | 312 | |
| Select / deselect | 490 | |
| Select group hotkey | 144 | |
| Use ability | 103 | |
1324 total
» units
| Peasant | 18 | |
| Footman | 6 | |
| Grunt | 2 | |
| Rifleman | 8 | |
| Gryphon Rider | 6 | |
| Goblin Shredder | 1 | |
| Knight | 4 | |
| Siege Engine | 31 | |
76 total
» upgrades
| Gunpowder | 3 | |
| Armor | 3 | |
| Lumber Harvesting | 2 | |
| Long Rifles | 1 | |
| Animal War Training | 1 | |
| Storm Hammers | 1 | |
| Masonry | 3 | |
| Swords | 3 | |
| Plating | 3 | |
| Barrage | 1 | |
21 total
» buildings
| Barracks | 2 | |
| Farm | 13 | |
| Altar of Kings | 1 | |
| Lumber Mill | 2 | |
| Town Hall | 2 | |
| Blacksmith | 1 | |
| Keep | 1 | |
| Gryphon Aviary | 1 | |
| Castle | 1 | |
| Scout Tower | 62 | |
| Guard Tower | 54 | |
| Workshop | 3 | |
| Watch Tower | 5 | |
148 total
» build order
00:10 Barracks
00:35 Farm
01:01 Altar of Kings
01:22 Farm
01:52 Lumber Mill
02:05 Farm
02:43 Farm
03:24 Farm
04:13 Farm
05:10 Farm
05:53 Town Hall
06:01 Blacksmith
06:04 Farm
06:42 Keep
06:50 Farm
07:57 Farm
08:41 Barracks
10:22 Gryphon Aviary
10:35 Castle
11:27 Scout Tower
11:35 Scout Tower
11:46 Farm
12:03 Scout Tower
12:10 Scout Tower
12:16 Guard Tower
12:36 Farm
12:39 Scout Tower
12:43 Scout Tower
12:47 Guard Tower
13:12 Scout Tower
13:16 Farm
13:19 Scout Tower
13:21 Guard Tower
13:47 Scout Tower
13:53 Scout Tower
14:05 Scout Tower
14:12 Guard Tower
14:41 Scout Tower
14:43 Guard Tower
14:50 Scout Tower
14:51 Guard Tower
14:53 Scout Tower
14:55 Guard Tower
15:11 Scout Tower
15:31 Scout Tower
15:33 Guard Tower
15:37 Scout Tower
15:38 Guard Tower
15:42 Guard Tower
15:44 Scout Tower
16:31 Scout Tower
16:32 Guard Tower
16:35 Scout Tower
16:37 Guard Tower
16:38 Guard Tower
16:42 Scout Tower
17:28 Scout Tower
17:29 Guard Tower
17:33 Scout Tower
17:34 Guard Tower
17:37 Scout Tower
17:39 Guard Tower
18:11 Scout Tower
18:28 Guard Tower
18:35 Scout Tower
18:36 Guard Tower
18:38 Scout Tower
18:40 Guard Tower
18:45 Scout Tower
18:46 Guard Tower
19:14 Scout Tower
19:16 Guard Tower
19:18 Guard Tower
19:21 Scout Tower
19:25 Scout Tower
19:26 Guard Tower
19:56 Guard Tower
20:03 Scout Tower
20:09 Scout Tower
20:11 Guard Tower
20:12 Guard Tower
20:16 Scout Tower
22:04 Scout Tower
22:06 Guard Tower
22:10 Scout Tower
22:11 Guard Tower
22:15 Scout Tower
22:18 Guard Tower
22:49 Scout Tower
22:50 Guard Tower
22:53 Scout Tower
22:54 Guard Tower
22:56 Guard Tower
22:59 Scout Tower
23:25 Scout Tower
23:26 Guard Tower
23:31 Scout Tower
23:32 Guard Tower
23:34 Guard Tower
23:36 Scout Tower
24:13 Guard Tower
24:14 Guard Tower
24:17 Scout Tower
24:38 Workshop
24:42 Workshop
24:46 Workshop
24:50 Scout Tower
24:51 Guard Tower
24:59 Scout Tower
25:01 Guard Tower
25:03 Scout Tower
25:27 Scout Tower
25:28 Guard Tower
25:32 Scout Tower
25:34 Scout Tower
26:04 Scout Tower
26:05 Guard Tower
26:26 Scout Tower
26:28 Scout Tower
26:31 Guard Tower
26:37 Scout Tower
26:38 Guard Tower
27:07 Scout Tower
27:11 Scout Tower
27:12 Guard Tower
27:14 Guard Tower
27:16 Scout Tower
27:43 Guard Tower
27:46 Scout Tower
27:48 Guard Tower
27:51 Scout Tower
27:59 Lumber Mill
28:38 Town Hall
29:09 Scout Tower
29:10 Guard Tower
29:12 Guard Tower
29:39 Scout Tower
29:40 Guard Tower
29:50 Scout Tower
29:52 Guard Tower
29:53 Guard Tower
30:18 Guard Tower
30:25 Guard Tower
35:00 Watch Tower
35:03 Watch Tower
35:06 Watch Tower
35:10 Watch Tower
35:13 Watch Tower
team 2 (loser)

»
TYRANASAURAS (
teal | 74 APM | 3394 actions | 46:07)
6 Death Knight
3 Death Coil
3 Unholy Aura
3 Dreadlord
1 Vampiric Aura
2 Sleep
3 Lich
2 Frost Nova
1 Dark Ritual
» actions
| Assign group hotkey | 64 | |
| Basic commands | 247 | |
| Build / train | 121 | |
| ESC pressed | 1 | |
| Enter build submenu | 59 | |
| Enter hero's abilities submenu | 12 | |
| Give item / drop item | 2 | |
| Remove unit from queue | 1 | |
| Right click | 1128 | |
| Select / deselect | 906 | |
| Select group hotkey | 671 | |
| Use ability | 182 | |
3394 total
» units
| Acolyte | 9 | |
| Ghoul | 9 | |
| Crypt Fiend | 5 | |
| Necromancer | 18 | |
| Meatwagon | 16 | |
57 total
» upgrades
| Creature Attack | 0 | |
| Unholy Strength | 3 | |
| Unholy Armor | 3 | |
| Necromancer Training | 2 | |
| Exhume Corpses | 1 | |
| Skeletal Longevity | 1 | |
| Skeletal Mastery | 1 | |
11 total
» buildings
| Altar of Darkness | 1 | |
| Crypt | 1 | |
| Ziggurat | 34 | |
| Graveyard | 1 | |
| Nerubian Tower | 6 | |
| Tomb of Relics | 1 | |
| Spirit Tower | 15 | |
| Halls of the Dead | 1 | |
| Slaughterhouse | 1 | |
| Temple of the Damned | 2 | |
| Black Citadel | 1 | |
64 total
» build order
00:20 Altar of Darkness
00:22 Crypt
01:12 Ziggurat
01:39 Graveyard
02:11 Nerubian Tower
02:21 Tomb of Relics
02:47 Ziggurat
03:48 Spirit Tower
04:12 Ziggurat
04:28 Ziggurat
04:52 Ziggurat
05:20 Spirit Tower
05:20 Nerubian Tower
05:24 Nerubian Tower
05:44 Spirit Tower
05:46 Ziggurat
06:10 Ziggurat
06:12 Ziggurat
06:18 Ziggurat
06:22 Ziggurat
06:44 Spirit Tower
07:05 Ziggurat
07:11 Ziggurat
07:28 Spirit Tower
08:07 Nerubian Tower
08:25 Spirit Tower
09:26 Ziggurat
09:28 Ziggurat
09:41 Halls of the Dead
10:23 Ziggurat
11:15 Spirit Tower
11:15 Spirit Tower
12:05 Nerubian Tower
12:07 Spirit Tower
12:10 Spirit Tower
12:41 Slaughterhouse
12:47 Temple of the Damned
12:50 Temple of the Damned
15:17 Ziggurat
16:51 Spirit Tower
16:52 Ziggurat
16:53 Ziggurat
16:55 Ziggurat
16:56 Ziggurat
17:57 Ziggurat
17:58 Ziggurat
17:59 Ziggurat
18:04 Spirit Tower
18:22 Black Citadel
19:30 Ziggurat
19:31 Ziggurat
19:33 Spirit Tower
20:09 Ziggurat
23:43 Ziggurat
23:44 Ziggurat
23:46 Ziggurat
23:46 Ziggurat
25:06 Nerubian Tower
25:07 Spirit Tower
25:09 Ziggurat
25:29 Ziggurat
26:43 Spirit Tower
26:46 Ziggurat
32:28 Ziggurat
» items
| Dust of Appearance | 2 | |
| Sacrificial Skull | 1 | |
| Rod of Necromancy | 1 | |
| Potion of Healing | 5 | |
| Scroll of Town Portal | 3 | |
| Potion of Mana | 1 | |
| Orb of Corruption | 1 | |
14 total

»
MightySMERB.COM (
yellow | 30 APM | 1390 actions | 46:07)
1 Paladin
1 Devotion Aura
1 Mountain King
1 Bash
» actions
| Basic commands | 21 | |
| Build / train | 85 | |
| Enter build submenu | 165 | |
| Enter hero's abilities submenu | 2 | |
| Right click | 533 | |
| Select / deselect | 350 | |
| Use ability | 231 | |
1390 total
» units
| Peasant | 20 | |
| Footman | 5 | |
| Rifleman | 6 | |
| Mortar Team | 2 | |
| Flying Machine | 2 | |
| Siege Engine | 1 | |
| Dragonhawk Rider | 1 | |
| Knight | 1 | |
38 total
» upgrades
» buildings
| Lumber Mill | 7 | |
| Scout Tower | 89 | |
| Farm | 105 | |
| Guard Tower | 34 | |
| Barracks | 5 | |
| Altar of Kings | 2 | |
| Arcane Vault | 3 | |
| Blacksmith | 5 | |
| Keep | 1 | |
| Arcane Tower | 4 | |
| Arcane Sanctum | 2 | |
| Workshop | 2 | |
| Gryphon Aviary | 3 | |
| Town Hall | 2 | |
| Castle | 1 | |
265 total
» build order
00:56 Lumber Mill
01:59 Scout Tower
02:01 Scout Tower
02:07 Scout Tower
02:08 Scout Tower
02:14 Farm
02:21 Scout Tower
02:22 Scout Tower
02:24 Scout Tower
02:26 Scout Tower
02:29 Guard Tower
02:37 Guard Tower
02:55 Guard Tower
03:02 Farm
03:04 Farm
03:05 Farm
03:10 Guard Tower
03:30 Guard Tower
03:30 Guard Tower
03:53 Guard Tower
04:05 Guard Tower
04:19 Scout Tower
04:21 Scout Tower
04:23 Scout Tower
04:24 Scout Tower
04:26 Scout Tower
04:29 Scout Tower
04:33 Scout Tower
04:57 Barracks
05:02 Farm
05:04 Farm
05:09 Guard Tower
05:10 Guard Tower
05:18 Guard Tower
05:46 Guard Tower
05:53 Guard Tower
05:56 Scout Tower
05:57 Scout Tower
05:59 Scout Tower
06:00 Scout Tower
06:01 Scout Tower
06:02 Scout Tower
06:18 Guard Tower
06:29 Farm
06:30 Farm
06:31 Farm
06:32 Farm
06:39 Guard Tower
06:42 Guard Tower
06:42 Guard Tower
06:56 Farm
06:58 Farm
06:59 Farm
07:18 Altar of Kings
07:37 Guard Tower
07:54 Guard Tower
08:10 Farm
08:11 Farm
08:12 Farm
08:14 Farm
08:17 Farm
08:17 Farm
08:18 Farm
08:24 Farm
08:40 Farm
08:42 Farm
08:44 Farm
08:49 Farm
08:50 Farm
08:53 Farm
08:55 Farm
08:56 Farm
09:06 Farm
09:08 Farm
09:12 Farm
09:26 Arcane Vault
09:33 Farm
09:45 Arcane Vault
10:04 Farm
10:07 Farm
10:48 Farm
10:50 Farm
10:51 Farm
10:52 Farm
10:56 Farm
10:57 Farm
11:23 Farm
11:24 Farm
11:30 Blacksmith
11:32 Barracks
11:35 Farm
12:20 Farm
12:21 Farm
12:22 Farm
12:42 Farm
13:28 Farm
13:29 Farm
13:31 Farm
13:33 Farm
13:39 Keep
13:42 Farm
13:43 Farm
13:56 Scout Tower
14:07 Blacksmith
14:11 Scout Tower
14:12 Scout Tower
14:13 Scout Tower
14:28 Scout Tower
14:30 Scout Tower
15:06 Guard Tower
15:09 Farm
15:11 Farm
15:12 Farm
15:25 Scout Tower
15:30 Scout Tower
15:33 Scout Tower
15:36 Scout Tower
15:41 Guard Tower
15:56 Arcane Tower
16:07 Farm
16:09 Farm
16:12 Farm
16:16 Arcane Sanctum
16:28 Arcane Sanctum
16:37 Guard Tower
16:38 Arcane Tower
17:08 Workshop
17:33 Blacksmith
17:35 Blacksmith
17:41 Farm
17:42 Farm
17:46 Farm
17:47 Farm
17:48 Farm
18:09 Scout Tower
18:11 Scout Tower
18:17 Scout Tower
18:18 Scout Tower
18:19 Scout Tower
18:27 Scout Tower
18:29 Scout Tower
18:30 Scout Tower
18:58 Gryphon Aviary
18:59 Gryphon Aviary
19:12 Town Hall
19:46 Guard Tower
20:13 Farm
20:17 Farm
20:19 Farm
20:34 Guard Tower
20:45 Guard Tower
21:13 Guard Tower
21:23 Gryphon Aviary
21:25 Farm
21:26 Farm
21:30 Farm
21:32 Farm
21:44 Farm
21:45 Farm
22:01 Guard Tower
22:19 Farm
22:20 Farm
22:22 Farm
22:59 Farm
23:00 Farm
23:19 Barracks
23:22 Farm
23:23 Farm
23:30 Barracks
23:33 Farm
23:34 Farm
24:11 Scout Tower
24:12 Scout Tower
24:14 Scout Tower
24:20 Scout Tower
24:21 Scout Tower
24:48 Farm
24:51 Farm
24:52 Farm
24:53 Farm
24:57 Workshop
25:05 Altar of Kings
25:08 Farm
25:08 Scout Tower
25:10 Scout Tower
25:16 Scout Tower
25:17 Scout Tower
25:19 Scout Tower
25:20 Scout Tower
25:24 Scout Tower
25:25 Scout Tower
26:09 Guard Tower
26:12 Farm
26:14 Farm
26:47 Town Hall
26:48 Scout Tower
26:50 Scout Tower
26:51 Scout Tower
26:54 Scout Tower
26:55 Scout Tower
27:27 Guard Tower
27:31 Guard Tower
28:08 Farm
28:34 Scout Tower
28:36 Scout Tower
28:38 Scout Tower
28:40 Scout Tower
28:43 Scout Tower
28:45 Scout Tower
28:47 Scout Tower
28:52 Scout Tower
29:02 Farm
29:03 Farm
29:04 Farm
29:39 Barracks
29:52 Farm
29:54 Scout Tower
30:22 Scout Tower
30:24 Scout Tower
30:24 Scout Tower
31:07 Scout Tower
31:12 Scout Tower
31:14 Scout Tower
31:18 Scout Tower
31:21 Scout Tower
31:25 Scout Tower
31:29 Scout Tower
31:44 Lumber Mill
32:03 Scout Tower
32:06 Scout Tower
32:10 Scout Tower
32:15 Scout Tower
32:17 Scout Tower
32:23 Scout Tower
32:38 Scout Tower
32:39 Scout Tower
32:40 Scout Tower
32:59 Castle
33:19 Arcane Vault
33:27 Blacksmith
33:37 Guard Tower
33:54 Farm
34:18 Guard Tower
34:29 Farm
34:31 Farm
34:32 Farm
34:34 Farm
34:34 Farm
36:20 Lumber Mill
36:23 Lumber Mill
36:25 Lumber Mill
36:59 Lumber Mill
37:02 Lumber Mill
39:36 Farm
39:37 Farm
41:26 Farm
41:28 Farm
43:27 Scout Tower
43:29 Scout Tower
43:32 Scout Tower
43:34 Scout Tower
44:28 Guard Tower
45:58 Arcane Tower
46:00 Guard Tower
46:01 Arcane Tower

»
sureinoabaggins (
orange | 37 APM | 1726 actions | 46:07)
8 Death Knight
3 Death Coil
3 Unholy Aura
1 Animate Dead
1 Death Pact
» actions
| Assign group hotkey | 24 | |
| Basic commands | 223 | |
| Build / train | 71 | |
| Enter build submenu | 27 | |
| Enter hero's abilities submenu | 8 | |
| Give item / drop item | 8 | |
| Remove unit from queue | 3 | |
| Right click | 290 | |
| Select / deselect | 398 | |
| Select group hotkey | 603 | |
| Use ability | 71 | |
1726 total
» units
| Acolyte | 8 | |
| Ghoul | 4 | |
| Crypt Fiend | 17 | |
| Obsidian Statue | 4 | |
| Gargoyle | 5 | |
| Wisp | 2 | |
40 total
» upgrades
| Creature Attack | 3 | |
| Creature Carapace | 3 | |
| Web | 1 | |
| Burrow | 1 | |
| Destroyer Form | 0 | |
8 total
» buildings
| Altar of Darkness | 1 | |
| Ziggurat | 14 | |
| Crypt | 2 | |
| Graveyard | 2 | |
| Tomb of Relics | 1 | |
| Halls of the Dead | 1 | |
| Black Citadel | 1 | |
| Slaughterhouse | 1 | |
| Nerubian Tower | 2 | |
| Spirit Tower | 1 | |
| Tree of Life | 1 | |
| Necropolis | 1 | |
28 total
» build order
00:07 Altar of Darkness
00:10 Ziggurat
00:18 Crypt
01:19 Graveyard
01:52 Ziggurat
03:33 Ziggurat
03:37 Crypt
04:02 Tomb of Relics
04:56 Ziggurat
06:06 Halls of the Dead
07:17 Ziggurat
12:11 Black Citadel
13:40 Ziggurat
20:12 Slaughterhouse
27:36 Ziggurat
27:38 Ziggurat
27:40 Ziggurat
27:42 Ziggurat
27:43 Ziggurat
27:45 Ziggurat
27:46 Ziggurat
28:44 Nerubian Tower
35:35 Ziggurat
39:37 Nerubian Tower
39:40 Spirit Tower
42:00 Tree of Life
42:09 Graveyard
44:32 Necropolis
» items
| Rod of Necromancy | 1 | |
| Potion of Healing | 1 | |
| Scroll of Town Portal | 3 | |
5 total

»
MilitaryTactics (
pink | 13 APM | 58 actions | 04:29)
» actions
| Build / train | 11 | |
| Enter build submenu | 4 | |
| Right click | 7 | |
| Select / deselect | 25 | |
| Use ability | 11 | |
58 total
» units
» buildings
| Altar of Elders | 1 | |
| Moon Well | 2 | |
| Hunter's Hall | 1 | |
4 total
» build order
01:03 Altar of Elders
01:06 Moon Well
02:14 Moon Well
02:18 Hunter's Hall
Chat log
(00:07 / Allies) TYRANASAURAS: gonna tower hte chokes?
(00:11 / Allies) TYRANASAURAS: wish I was human for thsi map lol
(00:16 / Allies) MightySMERB.COM: lol
(00:23 / Allies) MightySMERB.COM: im building a city
(00:34 / Allies) MightySMERB.COM: we'll meet
(00:42 / Allies) TYRANASAURAS: People can't get in your city if the chokes are towered
(00:44 / Allies) sureinoabaggins: 0.o
(00:49 / Allies) TYRANASAURAS: loooooooooooooooooool
(00:55 / Allies) TYRANASAURAS: stops it from alien invaders
(00:59 / Allies) TYRANASAURAS: but yeah i'll build tool
(01:02 / Allies) MightySMERB.COM: hmmm
(01:05 / Allies) MightySMERB.COM: good idea
(01:11 / Allies) MightySMERB.COM: but youre getting a sac skull and doing bottom
(01:18 / Allies) TYRANASAURAS: k
(01:33 / All) sureinoabaggins: o god
(01:34 / Allies) TYRANASAURAS: Havne't done that on this map befroe :P
(01:51 / Allies) MightySMERB.COM: i have with towa in 4s AT
(01:52 / Allies) MightySMERB.COM: lol
(01:55 / Allies) MightySMERB.COM: euros so mad
(02:00 / Allies) TYRANASAURAS: orange, if that message is followed by telling them waht we're doing, I'm going to remove your city from the game.
(02:09 / Allies) sureinoabaggins: lol
(02:19 / Allies) MilitaryTactics: aa
(02:43 / Allies) sureinoabaggins: you guys are funny
(03:01 / Allies) TYRANASAURAS: guess i'll be heading to my side soon
(03:14 / Allies) sureinoabaggins: your going to tower as ud?
(03:15 / Allies) MightySMERB.COM: we need darkwasp
(03:20 / Allies) TYRANASAURAS: is he on?
(03:24 / Allies) MightySMERB.COM: idk
(03:28 / Allies) MightySMERB.COM: just saying he SHOULD be
(04:22 / Allies) TYRANASAURAS: i'll go clean up your alien invasion, pink
(04:34 / Allies) TYRANASAURAS: the hell
(04:37 / All) TYRANASAURAS: I said i was going to help him
(04:38 / Allies) sureinoabaggins: 0.o
(04:38 / Allies) TYRANASAURAS: and he leaves
(04:46 / Allies) TYRANASAURAS: damn
(04:48 / Allies) TYRANASAURAS: he's gonna see my ttowers
(04:53 / Allies) MightySMERB.COM: one puny alien is too much for him
(05:01 / Allies) TYRANASAURAS: oh well
(05:09 / Allies) TYRANASAURAS: it iwll be too late to stop them
(05:12 / Allies) TYRANASAURAS: once he does stuff
(05:31 / Allies) TYRANASAURAS: need more gold really
(05:37 / Allies) sureinoabaggins: meant that for yellow
(05:40 / Allies) TYRANASAURAS: fail
(05:41 / Allies) sureinoabaggins: soz
(05:41 / Allies) TYRANASAURAS: lol
(05:46 / Allies) sureinoabaggins: im drunk :(
(05:56 / Allies) TYRANASAURAS: looks like you play drunk an awful lot
(06:02 / Allies) sureinoabaggins: i do
(06:03 / Allies) sureinoabaggins: lol
(06:15 / All) MightySMERB.COM: we have an alcoholic mayor over here
(06:29 / All) TYRANASAURAS: Maybe he's good for tv campaigns
(06:38 / All) TYRANASAURAS: or something
(06:39 / All) TYRANASAURAS: I dunno
(06:40 / All) TYRANASAURAS: probably not
(06:54 / Allies) sureinoabaggins: lmao
(06:55 / All) TYRANASAURAS: BAM
(06:59 / All) TYRANASAURAS: no alienz allowed
(07:12 / Allies) MightySMERB.COM: good work border patrol
(07:24 / All) TYRANASAURAS: Anything to protect our nation
(08:39 / Allies) sureinoabaggins: u can take yellow
(08:49 / Allies) TYRANASAURAS: oh no
(09:06 / Allies) TYRANASAURAS: sir
(09:12 / All) TYRANASAURAS: They're using our own weapons against us
(09:22 / All) MightySMERB.COM: those thieving mexican bastards
(09:38 / All) TYRANASAURAS: I knew we should have strengthened our immigration laws.
(09:58 / All) MightySMERB.COM: this is what happens when you put a democrat in the white house
(10:11 / Allies) TYRANASAURAS: I set up a surveillance camera so we can see what they're up to
(10:30 / Allies) MightySMERB.COM: police stateā¢
(10:43 / Allies) TYRANASAURAS: when we're faced with this level of threat
(10:45 / Allies) TYRANASAURAS: it's the only option
(11:14 / Allies) MightySMERB.COM: I was going to build a zoo, but I think i should increase military spending
(11:22 / All) TYRANASAURAS: Might have to
(11:32 / Allies) TYRANASAURAS: check the other side
(11:43 / Allies) TYRANASAURAS: see if they're doing that there too
(11:50 / Allies) MightySMERB.COM: training a spy
(11:54 / Allies) TYRANASAURAS: excellent
(12:19 / Allies) TYRANASAURAS: orange
(12:23 / Allies) sureinoabaggins: ya
(12:25 / Allies) TYRANASAURAS: come help me dismantle green's defense
(12:26 / Allies) TYRANASAURAS: we can do it
(12:29 / Allies) TYRANASAURAS: we have enough troops
(12:56 / Allies) MightySMERB.COM: the spy has been KIA but achieved his objective
(13:03 / Allies) TYRANASAURAS: Mother.
(13:04 / Allies) TYRANASAURAS: Of.
(13:05 / Allies) TYRANASAURAS: God.
(13:09 / Allies) sureinoabaggins: omg 4 towerers in 1 game x.x
(13:25 / Allies) MightySMERB.COM: theyr'e smart. agent johnson was one of best
(13:31 / Allies) TYRANASAURAS: Tighten security.
(13:33 / Allies) TYRANASAURAS: Improve your masonry.
(13:49 / Allies) TYRANASAURAS: comon orange
(13:52 / Allies) TYRANASAURAS: let's do soem damage
(14:14 / Allies) TYRANASAURAS: press on
(14:16 / Allies) TYRANASAURAS: we can take hthenm
(14:40 / Allies) TYRANASAURAS: use advanced tactis such as focur fire
(15:00 / Allies) MightySMERB.COM: becareful theres a lot of samuri there
(15:06 / Allies) TYRANASAURAS: i'm coming to help
(15:50 / Allies) TYRANASAURAS: use this drink
(16:09 / Allies) TYRANASAURAS: wood please
(16:25 / Allies) MightySMERB.COM: shipment sent
(16:41 / Allies) TYRANASAURAS: it would seem their northern counterparts had a better way of doing it
(17:00 / Allies) MightySMERB.COM: yes, quite a few more defensive posts
(17:14 / Allies) sureinoabaggins: brb going to piss
(17:22 / Allies) TYRANASAURAS: we can't break that yet
(17:25 / Allies) MightySMERB.COM: we're working on a new technology to detect stealth fighters
(17:32 / Allies) TYRANASAURAS: Good
(17:46 / Allies) TYRANASAURAS: we must ensure they do not reconstruct this positon
(18:34 / Allies) TYRANASAURAS: prepare defenses
(18:39 / Allies) TYRANASAURAS: kill them all!
(19:14 / Allies) TYRANASAURAS: fighrt!
(19:18 / Allies) TYRANASAURAS: or
(19:18 / Allies) TYRANASAURAS: run
(19:29 / Allies) sureinoabaggins: run nukka
(19:35 / Allies) MightySMERB.COM: we're enforcing your defenses with our new stealth detection systems
(19:43 / Allies) TYRANASAURAS: greatly appreciated
(20:13 / Allies) TYRANASAURAS: we should look again'
(20:17 / Allies) TYRANASAURAS: we cannot allow them to retake that position
(20:32 / Allies) TYRANASAURAS: looks clear for now
(20:50 / Allies) TYRANASAURAS: poke and prod boy
(20:53 / Allies) TYRANASAURAS: poke and prod
(21:06 / Allies) MightySMERB.COM: they're devious
(21:41 / Allies) sureinoabaggins: out
(21:42 / Allies) sureinoabaggins: out
(22:41 / Allies) MightySMERB.COM: we've started a new mining camp in the north
(22:43 / Allies) TYRANASAURAS: our portable army factories can now manufacture ranged support troops.
(22:58 / Allies) TYRANASAURAS: Are you sure we're not playing civilization?
(23:07 / Allies) MightySMERB.COM: we might be
(23:08 / Allies) TYRANASAURAS: I sure feel like it
(23:09 / Allies) MightySMERB.COM: that game ownz
(23:19 / Allies) TYRANASAURAS: Haven't actually played it to be honest
(23:19 / Allies) TYRANASAURAS: lol
(23:26 / Allies) MightySMERB.COM: it's good
(23:35 / Allies) TYRANASAURAS: damn
(23:36 / Allies) TYRANASAURAS: we dead
(23:37 / Allies) TYRANASAURAS: lol
(24:18 / Allies) TYRANASAURAS: need help?
(24:27 / Allies) MightySMERB.COM: doesnt look like it
(26:29 / Allies) sureinoabaggins: tower moar
(27:00 / Allies) TYRANASAURAS: need assistance
(27:13 / Allies) TYRANASAURAS: or not
(27:55 / Allies) MightySMERB.COM: that tp seemed really long
(29:21 / Allies) TYRANASAURAS: damage purp
(29:23 / Allies) TYRANASAURAS: hard
(29:23 / Allies) TYRANASAURAS: i mean
(29:25 / Allies) TYRANASAURAS: greens base
(29:33 / Allies) MightySMERB.COM: New Canaan has grown so large it's connected with the Undead city Seattle
(30:39 / Allies) TYRANASAURAS: grene
(30:40 / Allies) TYRANASAURAS: ill green
(31:31 / Allies) sureinoabaggins: yellow can u tower
(31:35 / Allies) sureinoabaggins: there pls\
(31:40 / Allies) MightySMERB.COM: tower?
(31:47 / Allies) sureinoabaggins: yes pls
(31:58 / Allies) MightySMERB.COM: im not sure i understand you mayor drunkard
(32:16 / Allies) sureinoabaggins: that there
(32:21 / Allies) sureinoabaggins: defenses!
(32:39 / Allies) TYRANASAURAS: is someone able to claer this?
(33:09 / Allies) TYRANASAURAS: come along orange
(33:11 / Allies) TYRANASAURAS: we must fight them more!
(33:13 / Allies) TYRANASAURAS: because it's fun!
(36:35 / Allies) MightySMERB.COM: our defenses have been breached!
(37:18 / Allies) TYRANASAURAS: can you contain it?
(37:21 / Allies) sureinoabaggins: no
(37:23 / Allies) TYRANASAURAS: danb
(37:59 / Allies) TYRANASAURAS: anyone have money
(38:00 / Allies) TYRANASAURAS: darn
(38:16 / Allies) TYRANASAURAS: sort of suicided everything
(38:22 / Allies) TYRANASAURAS: why haven't you taken this?
(38:37 / Allies) MightySMERB.COM: saving it for a situation like this sir
(38:44 / Allies) TYRANASAURAS: ...................
(38:45 / Allies) TYRANASAURAS: k whatever
(38:46 / Allies) TYRANASAURAS: grab it
(38:46 / Allies) TYRANASAURAS: lol
(38:56 / Allies) MightySMERB.COM: you can take it
(39:03 / Allies) TYRANASAURAS: i'm too far away
(39:22 / Allies) TYRANASAURAS: nice city by the way
(39:27 / Allies) TYRANASAURAS: yeah that was stupid
(39:28 / Allies) MightySMERB.COM: thank you
(39:30 / Allies) TYRANASAURAS: losing my whole army like that
(39:31 / Allies) TYRANASAURAS: to towers
(39:32 / Allies) TYRANASAURAS: bleh
(39:50 / Allies) sureinoabaggins: halp
(39:51 / Allies) TYRANASAURAS: oh fuck
(39:52 / Allies) MightySMERB.COM: damn it read is still behid our defenses
(39:57 / Allies) TYRANASAURAS: so is green up there
(39:59 / All) TYRANASAURAS: nice one green
(41:16 / Allies) MightySMERB.COM: good work
(41:32 / Allies) TYRANASAURAS: this could be trouble
(41:37 / Allies) TYRANASAURAS: our resources are spent
(41:40 / Allies) TYRANASAURAS: cept pink of course
(41:45 / Allies) TYRANASAURAS: why didn't I take his base when he left
(41:47 / Allies) TYRANASAURAS: would have helped so much
(41:50 / Allies) MightySMERB.COM: pink should share
(41:59 / Allies) TYRANASAURAS: ugh
(42:00 / Allies) TYRANASAURAS: whatevet
(42:05 / Allies) TYRANASAURAS: this was a learning eexpereince
(42:16 / Allies) TYRANASAURAS: but I don't think we can win anymore
(42:31 / Allies) TYRANASAURAS: they played better than I thought they would
(42:46 / Allies) sureinoabaggins: i like your city yellow
(42:52 / Allies) MightySMERB.COM: well they were smart enough to get dispell
(42:58 / Allies) MightySMERB.COM: thank you mayor drunkard
(43:05 / Allies) TYRANASAURAS: they were?
(43:07 / Allies) TYRANASAURAS: i didn't see it
(43:16 / Allies) MightySMERB.COM: red got spirit walkers with the up
(43:19 / Allies) TYRANASAURAS: oh
(43:20 / Allies) MightySMERB.COM: he just doesnt use it
(43:23 / Allies) TYRANASAURAS: yeah
(43:23 / Allies) TYRANASAURAS: that
(43:37 / Allies) MightySMERB.COM: but he tried damn it
(43:38 / Allies) TYRANASAURAS: i'm thinking more they were smart enuogh to build more towers than us
(43:39 / Allies) MightySMERB.COM: he tried.
(43:52 / Allies) TYRANASAURAS: and I was dumb enough to keep suiciding into them
(43:55 / Allies) TYRANASAURAS: just to kill greens main
(44:03 / Allies) MightySMERB.COM: oh dear
(44:14 / All) TYRANASAURAS: k gg
(44:18 / All) TYRANASAURAS: this was pretty embarassing
(44:23 / All) TYRANASAURAS: But I think it's worth saving anyway
(44:33 / All) TYRANASAURAS: You guys aren't NORMAL random team players
(45:22 / All) MightySMERB.COM: Damn mexicans get off american soil
(45:53 / All) TYRANASAURAS: well played
(46:04 / All) sxepnts101: gg